 Dungeon Crawl Stone Soup version 0.30-a0-50-gb2d611f6b1 (webtiles) character file.

Game seed: 7673828139468272752

45 LnG the Trooper (level 3, -3/33 HPs)
             Began as a Hill Orc Fighter on Sept 5, 2022.
             Slain by a gnoll
             ... wielding a +2 halberd of freezing
              (7 damage)
             ... on level 2 of the Dungeon.
             The game lasted 00:02:40 (1007 turns).

LnG the Trooper (Hill Orc Fighter)                  Turns: 1007, Time: 00:02:42

Health: -3/33      AC:  7    Str: 20    XL:     3   Next: 64%
Magic:  3/3        EV:  9    Int:  8    God:
Gold:   150        SH:  4    Dex: 10    Spells: 2/2 levels left

rFire   + . .      SeeInvis .    a - +0 war axe
rCold   x . .      Faith    .    c - +0 buckler
rNeg    . . .      Spirit   .    b - +0 scale mail
rPois   .          Reflect  .    (no helmet)
rElec   .          Harm     .    (no cloak)
rCorr   .          Rampage  .    (no gloves)
Will    .....                    (no boots)
Stlth   ..........               (no amulet)
HPRegen 0.11/turn                l - ring of fire
MPRegen 0.08/turn                (no ring)

@: no status effects
A: no striking features
a: no special abilities


You were on level 2 of the Dungeon.
You visited 1 branch of the dungeon, and saw 2 of its levels.

You collected 150 gold pieces.

Inventory:

Hand Weapons
 a - a +0 war axe (weapon)
Missiles
 n - 3 boomerangs (quivered)
Armour
 b - a +0 scale mail (worn)
 c - a +0 buckler (worn)
Jewellery
 l - a ring of fire (left hand)
Scrolls
 f - 2 scrolls of fear {unknown}
 g - a scroll of noise {unknown}
 j - a scroll of immolation {unknown}
 k - 3 scrolls of identify {unknown}
 m - a scroll of teleportation {unknown}
Potions
 d - a potion of might
 e - a potion of curing {unknown}
 h - 2 potions of flight {unknown}
 i - a potion of brilliance {unknown}
 o - 2 potions of attraction {unknown}
 p - a potion of haste {unknown}


   Skills:
 + Level 4.0 Fighting
 + Level 3.8 Axes
 + Level 3.7 Armour
 + Level 0.2 Stealth
 + Level 3.6 Shields


You had 2 spell levels left.
You didn't know any spells.
Your spell library contained the following spells:

 Spells                   Type           Power      Damage    Failure   Level
 Ensorcelled Hibernation  Hex/Ice        0%         N/A       94%         2
 Dazzling Flash           Conj/Hex       0%         N/A       99%         3
 Spider Form              Tmut/Pois      0%         N/A       99%         3
 Anguish                  Hex/Necr       0%         N/A       100%        4
 Agony                    Necr           0%         N/A       100%        5
 Silence                  Hex/Air        0%         N/A       100%        5


Dungeon Overview and Level Annotations

Branches:
Dungeon (2/15)

Altars:

Shops:
D:2 :


Message History

You see here 13 gold pieces.
A bat is nearby!
A gnoll comes into view.
It is wielding a +2 halberd of freezing.
Found 2 gold pieces.
The bat closely misses you.
You closely miss the bat. The bat hits you but does no damage.
You block the bat's attack. The bat hits you but does no damage.
You slash the bat!
You kill the bat!
The gnoll barely misses you.
The gnoll hits you with a +2 halberd of freezing!
The gnoll freezes you.
You hit the gnoll.
The gnoll is heavily wounded.
You block the gnoll's attack.
You barely miss the gnoll.
The gnoll is heavily wounded.
The gnoll barely misses you.
You closely miss the gnoll.
The gnoll is heavily wounded.
The gnoll hits you with a +2 halberd of freezing!
The gnoll freezes you.
* * * LOW HITPOINT WARNING * * *
The gnoll closely misses you.
You are too injured to fight recklessly!
You are too injured to fight recklessly!
You slash the gnoll!
The gnoll is almost dead.
You block the gnoll's attack.
You closely miss the gnoll.
The gnoll is almost dead.
The gnoll closely misses you.
You hit the gnoll but do no damage.
The gnoll is almost dead.
The gnoll hits you with a +2 halberd of freezing.
* * * LOW HITPOINT WARNING * * *
The gnoll freezes you.
* * * LOW HITPOINT WARNING * * *
The gnoll hits you with a +2 halberd of freezing!
You die...

##. # #### .. .
###... ..
#.....#.#
##....)#.#
.........#
#....!.g.#
#......@?#####$
#.##...........
#.....#..#####.
######
#####.#.$#
...... #
#..####.#
######
#.#......#
#.#.#####.#
#...# ###.#


You could see a gnoll.

Vanquished Creatures
  An adder (D:2)
  A worm (D:2)
  An endoplasm (D:2)
  2 giant cockroaches (D:1)
  2 goblins (D:1)
  2 hobgoblins
  2 kobolds
  8 ball pythons
  9 bats
  2 frilled lizards (D:2)
  3 rats
33 creatures vanquished.

Notes
Turn   | Place    | Note
-------+----------+-------------------------------------------
     0 | D:1      | LnG the Hill Orc Fighter began the quest for the Orb.
     0 | D:1      | Reached XP level 1. HP: 19/19 MP: 1/1
   187 | D:1      | Reached XP level 2. HP: 27/27 MP: 2/2
   228 | D:1      | Found a faded altar of an unknown god.
   612 | D:2      | Reached XP level 3. HP: 33/33 MP: 3/3
   690 | D:2      | Reached skill level 4 in Fighting
   791 | D:2      | Found Ymnocups's Book Shoppe.
  1007 | D:2      | Slain by a gnoll

Illustrated notes

Levels and vault maps discovered:
D:1:      spicycebolla_arrival_xxxplode, layout_rooms,
          hellmonk_ecumenical_altar_zigzags
D:2:      layout_loops_ring, serial_shops, shop_statue, minivault_26,
          minmay_tripent

Skill      XL: |  1  2  3 |
---------------+----------+-----
Axes           | 3 |  3.8
Fighting       | 4 |  4.0
Armour         | |  3.7
Stealth        | |  0.2
Shields        | |  3.6

Action                   || total
-------------------------++-------
Melee: War axe           ||    82
Armor: Scale mail        ||    42
Dodge: Dodged            ||    40
Block: Buckler           ||    30

Table legend: (Time is in decaauts)
 A = Elapsed time spent in this place.
 B = Non-inter-level travel time spent in this place.
 C = Inter-level travel time spent in this place.
 D = Time resting spent in this place.
 E = Time spent auto-exploring this place.
 F = Levels seen in this place.
 G = Mean time per level.
                   A        B        C        D        E       F      G
               +--------+--------+--------+--------+--------+-----+--------+
         Total |   1038 |   1018 |     20 |      0 |    784 |   2 |  519.0 |
       Dungeon |   1038 |   1018 |     20 |      0 |    784 |   2 |  519.0 |
               +--------+--------+--------+--------+--------+-----+--------+

Top non-repeatable levels by time:
     D:1: 554 daAuts
     D:2: 484 daAuts
